PAAA
SANTA BARBARA GOLDEN CRANES @ BLOOMINGTON LONGNECKS
07/27/2032
 
TOP OF THE 1ST
Santa Barbara Golden Cranes batting - Pitching for Bloomington Longnecks : RHP Keith Rojas
Pitching: RHP Keith Rojas
Batting: LHB Xu Cheng 0-0: Fly out, F8 (Flyball, 89S)
Batting: RHB Ed St. James 0-0: Called Strike
0-1: Ball
1-1: Ball
2-1: Fly out, F9 (Line Drive, 9)
Batting: RHB Rodney Usry 0-0: Called Strike
0-1: Ball
1-1: SOLO HOME RUN (Flyball, 7D), Distance : 369 ft
Batting: RHB James Pike 0-0: Fly out, F7 (Flyball, 7S)
Top of the 1st over - 1 run, 1 hit, 0 errors, 0 left on base; Santa Barbara 1 - Bloomington 0
BOTTOM OF THE 1ST
Bloomington Longnecks batting - Pitching for Santa Barbara Golden Cranes : RHP Patrick Kilshaw
Pitching: RHP Patrick Kilshaw
Batting: RHB Martín Martínez 0-0: Ball
1-0: Called Strike
1-1: Ball
2-1: Foul Ball, location: 2F
2-2: Ball
3-2: Base on Balls
Batting: RHB Bubba Blevins 0-0: Called Strike
0-1: Ball
1-1: Ball
2-1: Fly out, F5 (Line Drive, 5)
Batting: LHB Calvin Wilms 0-0: Ball
Martín Martínez is caught stealing 2nd base
1-0: Swinging Strike
1-1: SINGLE (Flyball, 7LS)
Batting: LHB César Gómes 0-0: Ball
1-0: Foul Ball, location: 2F
1-1: Ball
2-1: Ball
3-1: Base on Balls
Calvin Wilms to second
Batting: RHB Carlos Cardona 0-0: Ball
1-0: Ground out U3 (Groundball, 34S)
Bottom of the 1st over - 0 runs, 1 hit, 0 errors, 2 left on base; Santa Barbara 1 - Bloomington 0
TOP OF THE 2ND
Santa Barbara Golden Cranes batting - Pitching for Bloomington Longnecks : RHP Keith Rojas
Batting: RHB Gilbert Graham 0-0: Foul Ball, location: 2F
0-1: Ball
1-1: Ball
2-1: Ball
3-1: Base on Balls
Batting: LHB Robert Adams 0-0: Ball
1-0: Grounds out, U3 (Groundball, 3L)
Batting: RHB Ramiro Gonzáles 0-0: Foul Ball, location: 2F
0-1: Swinging Strike
0-2: Ball
1-2: Foul Ball, location: 2F
1-2: Ball
2-2: Strikes out swinging
Batting: SHB Kunimichi Chikafuji 0-0: Ball
1-0: Foul Ball, location: 2F
1-1: Ball
2-1: Called Strike
2-2: SINGLE (Line Drive, 4M)
Gilbert Graham to third
Runner from 3rd tries for Home, SAFE, throw made home
Kunimichi Chikafuji to second
Batting: RHB Jorge López 0-0: Ball
1-0: Called Strike
1-1: Ball
2-1: Foul Ball, location: 2F
2-2: Strikes out swinging
Top of the 2nd over - 1 run, 1 hit, 0 errors, 1 left on base; Santa Barbara 2 - Bloomington 0
BOTTOM OF THE 2ND
Bloomington Longnecks batting - Pitching for Santa Barbara Golden Cranes : RHP Patrick Kilshaw
Batting: RHB Javier De Jesús 0-0: Foul Ball, location: 2F
0-1: SINGLE (Groundball, 56D)
Batting: RHB Toussiant L'Ouverture 0-0: Called Strike
0-1: 2-RUN HOME RUN (Flyball, 7LD), Distance : 342 ft
Batting: RHB Chet Hollis 0-0: Ball
1-0: Swinging Strike
1-1: Swinging Strike
1-2: Ball
2-2: Foul Ball, location: 2F
2-2: SINGLE (Line Drive, 78S)
Batting: RHB Frank Crocker 0-0: Ball
1-0: Called Strike
Chet Hollis steals 2nd base
1-1: Foul Ball, location: 2F
1-2: Ball
2-2: Ground out 5-3 (Groundball, 56S)
Chet Hollis to third
Batting: RHB Martín Martínez 0-0: Called Strike
0-1: Foul Ball, location: 2F
0-2: Ball
1-2: Ball
2-2: Strikes out swinging, 2-3 out at first.
Batting: RHB Bubba Blevins 0-0: Ball
1-0: Called Strike
1-1: Ball
2-1: Fly out, F8 (Flyball, 8LXD)
Bottom of the 2nd over - 2 runs, 3 hits, 0 errors, 1 left on base; Santa Barbara 2 - Bloomington 2
TOP OF THE 3RD
Santa Barbara Golden Cranes batting - Pitching for Bloomington Longnecks : RHP Keith Rojas
Batting: LHB Xu Cheng 0-0: Ball
1-0: Swinging Strike
1-1: Ball
2-1: Ball
3-1: Ground out 1-3 (Groundball, P)
Batting: RHB Ed St. James 0-0: Fly out, F9 (Flyball, 9S)
Batting: RHB Rodney Usry 0-0: Called Strike
0-1: Ball
1-1: Called Strike
1-2: Strikes out swinging
Top of the 3rd over - 0 runs, 0 hits, 0 errors, 0 left on base; Santa Barbara 2 - Bloomington 2
BOTTOM OF THE 3RD
Bloomington Longnecks batting - Pitching for Santa Barbara Golden Cranes : RHP Patrick Kilshaw
Batting: LHB Calvin Wilms 0-0: Ball
1-0: Ball
2-0: Called Strike
2-1: Called Strike
2-2: Ball
3-2: Base on Balls
Batting: LHB César Gómes 0-0: Ball
1-0: Ball
2-0: Called Strike
2-1: Foul Ball, location: 2F
2-2: Strikes out swinging
Batting: RHB Carlos Cardona 0-0: Ball
1-0: 2-RUN HOME RUN (Flyball, 7D), Distance : 381 ft
Batting: RHB Javier De Jesús 0-0: Foul Ball, location: 2F
0-1: Fly out, F3 (Popup, 3SF)
Batting: RHB Toussiant L'Ouverture 0-0: Called Strike
0-1: Foul Ball, location: 2F
0-2: Strikes out swinging
Bottom of the 3rd over - 2 runs, 1 hit, 0 errors, 0 left on base; Santa Barbara 2 - Bloomington 4
TOP OF THE 4TH
Santa Barbara Golden Cranes batting - Pitching for Bloomington Longnecks : RHP Keith Rojas
Batting: RHB James Pike 0-0: Ground out 3-1 (Groundball, 23)
Batting: RHB Gilbert Graham 0-0: Called Strike
0-1: Ball
1-1: Ball
2-1: Foul Ball, location: 2F
2-2: Foul Ball, location: 2F
2-2: Ground out 6-3 (Groundball, 6M)
Batting: LHB Robert Adams 0-0: Ball
1-0: Foul Ball, location: 2F
1-1: Ball
2-1: Called Strike
2-2: Ground out 4-3 (Groundball, 34)
Top of the 4th over - 0 runs, 0 hits, 0 errors, 0 left on base; Santa Barbara 2 - Bloomington 4
BOTTOM OF THE 4TH
Bloomington Longnecks batting - Pitching for Santa Barbara Golden Cranes : RHP Patrick Kilshaw
Batting: RHB Chet Hollis 0-0: Ground out 5-3 (Groundball, 5)
Batting: RHB Frank Crocker 0-0: Ball
1-0: Foul Ball, location: 2F
1-1: Ground out 3-1 (Groundball, 34)
Batting: RHB Martín Martínez 0-0: Called Strike
0-1: Ball
1-1: Foul Ball, location: 2F
1-2: Ball
2-2: Strikes out swinging
Bottom of the 4th over - 0 runs, 0 hits, 0 errors, 0 left on base; Santa Barbara 2 - Bloomington 4
TOP OF THE 5TH
Santa Barbara Golden Cranes batting - Pitching for Bloomington Longnecks : RHP Keith Rojas
Batting: RHB Ramiro Gonzáles 0-0: Foul Ball, location: 2F
0-1: Ball
1-1: Ball
2-1: Ball
3-1: Called Strike
3-2: Base on Balls
Batting: SHB Kunimichi Chikafuji 0-0: Ball
1-0: Sac Bunt - play at first, batter OUT! 1-4
Ramiro Gonzáles to second
Batting: RHB Jorge López 0-0: Called Strike
0-1: Foul Ball, location: 2F
0-2: Ball
1-2: Ground out 4-3 (Groundball, 4M)
Ramiro Gonzáles to third
Batting: LHB Xu Cheng 0-0: Called Strike
0-1: Ball
1-1: Ball
2-1: Fly out, F7 (Flyball, 7)
Top of the 5th over - 0 runs, 0 hits, 0 errors, 1 left on base; Santa Barbara 2 - Bloomington 4
BOTTOM OF THE 5TH
Bloomington Longnecks batting - Pitching for Santa Barbara Golden Cranes : RHP Patrick Kilshaw
Batting: RHB Bubba Blevins 0-0: Called Strike
0-1: Ground out 3-1 (Groundball, 34)
Batting: LHB Calvin Wilms 0-0: Foul Ball, location: 2F
0-1: Called Strike
0-2: SINGLE (Line Drive, 34D)
Batting: LHB César Gómes 0-0: Swinging Strike
0-1: Ball
1-1: Fly out, F6 (Popup, 4MD)
Batting: RHB Carlos Cardona 0-0: Ball
1-0: SINGLE (Groundball, 4MD)
Calvin Wilms to second
Runner from 2nd tries for 3rd, SAFE, throw made to third
Batting: RHB Javier De Jesús 0-0: Ground out 3-1 (Groundball, 34S)
Bottom of the 5th over - 0 runs, 2 hits, 0 errors, 2 left on base; Santa Barbara 2 - Bloomington 4
TOP OF THE 6TH
Santa Barbara Golden Cranes batting - Pitching for Bloomington Longnecks : RHP Keith Rojas
Batting: RHB Ed St. James 0-0: Called Strike
0-1: Foul Ball, location: 2F
0-2: Ball
1-2: Strikes out swinging
Batting: RHB Rodney Usry 0-0: Foul Ball, location: 2F
0-1: Ball
1-1: Called Strike
1-2: Ball
2-2: Ball
3-2: Strikes out swinging
Batting: RHB James Pike 0-0: Ball
1-0: Ground out 5-3 (Groundball, 5)
Top of the 6th over - 0 runs, 0 hits, 0 errors, 0 left on base; Santa Barbara 2 - Bloomington 4
BOTTOM OF THE 6TH
Bloomington Longnecks batting - Pitching for Santa Barbara Golden Cranes : RHP Patrick Kilshaw
Batting: RHB Toussiant L'Ouverture 0-0: Ball
1-0: Swinging Strike
1-1: Ground out 5-3 (Groundball, 56)
Batting: RHB Chet Hollis 0-0: Ball
1-0: Called Strike
1-1: Ball
2-1: Ball
3-1: Called Strike
3-2: Foul Ball, location: 2F
3-2: Base on Balls
Batting: RHB Frank Crocker 0-0: Called Strike
0-1: Swinging Strike
0-2: Foul Ball, location: 2F
0-2: Fly out, F9 (Flyball, 9S)
Batting: RHB Martín Martínez 0-0: Ground out 5-3 (Groundball, 56S)
Bottom of the 6th over - 0 runs, 0 hits, 0 errors, 1 left on base; Santa Barbara 2 - Bloomington 4
TOP OF THE 7TH
Santa Barbara Golden Cranes batting - Pitching for Bloomington Longnecks : RHP Keith Rojas
Batting: RHB Gilbert Graham 0-0: Called Strike
0-1: Called Strike
0-2: Foul Ball, location: 2F
0-2: Foul Ball, location: 2F
0-2: Ball
1-2: Foul Ball, location: 2F
1-2: Foul Ball, location: 2F
1-2: Ball
2-2: Ball
3-2: Fly out, F7 (Flyball, 7LS)
Pitching: RHP Pierre Levegh
Batting: LHB Robert Adams 0-0: Foul Ball, location: 2F
0-1: Called Strike
0-2: Ground out 4-3 (Groundball, 4)
Batting: RHB Ramiro Gonzáles 0-0: Swinging Strike
0-1: Ball
1-1: Foul Ball, location: 2F
1-2: Strikes out swinging
Top of the 7th over - 0 runs, 0 hits, 0 errors, 0 left on base; Santa Barbara 2 - Bloomington 4
BOTTOM OF THE 7TH
Bloomington Longnecks batting - Pitching for Santa Barbara Golden Cranes : RHP Patrick Kilshaw
Batting: RHB Bubba Blevins 0-0: Ball
1-0: Ground out 6-3 (Groundball, 6)
Batting: LHB Calvin Wilms 0-0: Swinging Strike
0-1: SINGLE (Groundball, 6MD)
Batting: LHB César Gómes 0-0: Swinging Strike
0-1: SINGLE (Groundball, 4MD)
Calvin Wilms to second
Batting: RHB Carlos Cardona 0-0: Ball
1-0: Foul Ball, location: 2F
1-1: Ball
2-1: Swinging Strike
2-2: Strikes out swinging
Pinch Hitting: RHB Gabrio Campoverde 0-0: Fly out, F5 (Line Drive, 56)
Bottom of the 7th over - 0 runs, 2 hits, 0 errors, 2 left on base; Santa Barbara 2 - Bloomington 4
TOP OF THE 8TH
Santa Barbara Golden Cranes batting - Pitching for Bloomington Longnecks : RHP Pierre Levegh
Now in RF: Gabrio Campoverde
Batting: SHB Kunimichi Chikafuji 0-0: Ball
1-0: Ball
2-0: Ball
3-0: Called Strike
3-1: Foul Ball, location: 2F
3-2: SINGLE (Groundball, 34) (infield hit)
Batting: RHB Jorge López 0-0: Called Strike
0-1: Ball
1-1: Ball
2-1: Called Strike
2-2: Foul Ball, location: 2F
2-2: Strikes out swinging
Batting: LHB Xu Cheng 0-0: Ball
1-0: Foul Ball, location: 2F
1-1: Swinging Strike
1-2: Ball
2-2: Ball
3-2: Base on Balls
Kunimichi Chikafuji to second
Batting: RHB Ed St. James 0-0: Swinging Strike
0-1: Called Strike
0-2: Foul Ball, location: 2F
0-2: Ball
1-2: Grounds into double play, 6-4-3 (Groundball, 6)
Top of the 8th over - 0 runs, 1 hit, 0 errors, 1 left on base; Santa Barbara 2 - Bloomington 4
BOTTOM OF THE 8TH
Bloomington Longnecks batting - Pitching for Santa Barbara Golden Cranes : RHP Patrick Kilshaw
Batting: RHB Toussiant L'Ouverture 0-0: Foul Ball, location: 2F
0-1: SINGLE (Groundball, 34D)
Batting: RHB Chet Hollis 0-0: Sac Bunt - play at first, batter OUT! 5-3
Toussiant L'Ouverture to second
Batting: RHB Frank Crocker 0-0: Ball
1-0: Called Strike
1-1: Ball
2-1: Fly out, F7 (Flyball, 78D)
Pitching: LHP Josh Cox
Batting: RHB Martín Martínez 0-0: Ground out 5-3 (Groundball, 56)
Bottom of the 8th over - 0 runs, 1 hit, 0 errors, 1 left on base; Santa Barbara 2 - Bloomington 4
TOP OF THE 9TH
Santa Barbara Golden Cranes batting - Pitching for Bloomington Longnecks : RHP Pierre Levegh
Pitching: RHP Júlio Rodríguez
Batting: RHB Rodney Usry 0-0: Ball
1-0: Ball
2-0: Foul Ball, location: 2F
2-1: Foul Ball, location: 2F
2-2: Fly out, F7 (Flyball, 7S)
Batting: RHB James Pike 0-0: Called Strike
0-1: Foul Ball, location: 2F
0-2: SINGLE (Groundball, 56D)
Batting: RHB Gilbert Graham 0-0: Called Strike
0-1: Ball
1-1: Called Strike
1-2: Fielders Choice at 2nd, 4-6 (Groundball, 4)
Batting: LHB Robert Adams 0-0: Foul Ball, location: 2F
0-1: Ball
1-1: Ball
2-1: Fly out, F7 (Flyball, 7LS)
Top of the 9th over - 0 runs, 1 hit, 0 errors, 1 left on base; Santa Barbara 2 - Bloomington 4
Wednesday, September 19th, 2018 - OOTP Baseball 18.8 Build 76